Mecha, chaotic female elven Ranger ---- --- --- --..| --.--- -----..-- ---...---- |....---..|....| |......|.--- --..+.........-- --..........| ---[..........| --...........-- --..........-- -.......)........- |..........-- --.....|.......--- |.[.|.......| --- --..-----.....| ---.----......| -... ---------------().--- |...| ---...-- |....................)@G0..%r.>| ---.--- -.-- |... ------------------- |...| -- -- ---.--- |...| ---[--- |...| -----.--- -......<.| ------..-- ---- Mecha the Lookout Experience level: 5 Strength: 16 Dexterity: 9 Constitution: 15 Intelligence: 14 Wisdom: 15 Charisma: 7 Health: 0(31) Energy: 33(33) Def: 3 Gold: 521 Moves: 1530 Dungeon seed: ptaTyIVMnYFfmkpo Game ID: Mecha_1477326265 Your Inventory: Coins $ - 521 gold pieces Weapons a - the +3 Sting (weapon in hand) b - a +1 elven bow (alternate weapon; not wielded) c - 53 +2 elven arrows d - 32 +0 elven arrows g - a +0 spear C - 7 +0 daggers (in quiver) F - 8 +1 arrows Armor e - an uncursed +2 elven cloak (being worn) y - a cursed -1 dwarvish cloak z - an uncursed +0 pair of iron shoes L - an uncursed +0 ring mail Comestibles f - 5 uncursed lembas wafers i - an uncursed tripe ration p - an uncursed fortune cookie Potions E - a cursed potion of gain ability K - an uncursed potion of sleeping Tools t - a cursed magic lamp u - 12 uncursed tallow candles (0:200) w - an uncursed skeleton key A - 7 uncursed wax candles (0:400) B - a +0 pick-axe G - 5 blessed wax candles (0:400) I - a blessed tallow candle (0:200) J - a +0 pick-axe Gems n - an uncursed amethyst stone q - an uncursed worthless piece of blue glass r - an uncursed worthless piece of orange glass M - an uncursed worthless piece of yellow glass N - an uncursed worthless piece of green glass Y - an uncursed worthless piece of black glass Spells and supernatural/magical abilities: Name Level Category Fail Memory W - pray for help -- divine ? -- Your skills at the end: Fighting Skills Weapon Skills dagger [Basic] bow [Basic] Spellcasting Skills Final Attributes: You were piously aligned. You were sleep resistant. You were aware of the presence of orcs. You had automatic searching. You had infravision. You were stealthy. You are dead. Vanquished creatures: 3 gnome lords a kitten 5 dwarves an acid blob a hobbit a hobgoblin 15 gnomes 6 garter snakes 2 geckos 2 jackals 2 kobolds a goblin 4 sewer rats a kobold zombie 6 newts 51 creatures vanquished. Voluntary challenges: You used a wielded weapon 50 times, starting on turn 297. You read items or engraved 4 times, starting on turn 391. You never genocided any monsters. You never polymorphed an object. You never changed form. You used no wishes. You never split a pudding. You never wrote Elbereth's name. You never violated your personal moral code. Dungeon overview: The Dungeons of Doom: levels 1 to 3 Level 1 an altar to Venus, a fountain a long staircase Level 2 a fountain stairs to The Gnomish Mines Level 3 The Gnomish Mines: levels 3 to 4 Level 3 stairs to The Dungeons of Doom Level 4 <- You were here History has recorded: On T:1 you entered the Dungeons of Doom to retrieve the Amulet of Yendor! On T:477 you reached level 2 of The Dungeons of Doom. On T:820 you reached level 3 of The Dungeons of Doom. On T:963 you advanced to experience level 2. On T:1035 you reached level 1 of The Gnomish Mines. On T:1044 you advanced to experience level 3. On T:1096 you advanced to experience level 4. On T:1425 you reached level 2 of The Gnomish Mines. On T:1455 you advanced to experience level 5. Score breakdown: Gold: 521 ( 9244 points) Experience: 5 levels (11141 points) Exploration: 4 levels ( 8.16%) ( 7500 points) Discoveries: 6 items ( 2.07%) ( 4315 points) Valuables value: (no points given unless you survive) Artifact value: 800 ( 9877 points) Variety of kills: 15 monsters ( 3.94%) ( 5952 points) Turncount: 1530 turns ( 0 points) Survival: died (score multiplied by 80%) Total score: 38423 Latest messages: As you read the scroll, it disappears. There are a few objects here. You kill the hobbit! You see here a dagger. You kill the gnome! There are a few objects here. The gnome wields a spear! You hit the gnome lord! The gnome lord hits! The gnome thrusts his spear. The gnome hits! You kill the gnome lord! You kill the gnome! There are a few objects here. You kill the gnome! You hit the gnome lord! The gnome lord hits! You hit the gnome lord! The gnome lord hits! You kill the gnome lord! The gnome lord hits! (2x) You die... Final status: Goodbye Mecha the Ranger, killed by a gnome lord... You died in The Gnomish Mines on dungeon level 4 with 38423 points, and 521 pieces of gold, after 1530 moves. You were level 5 with a maximum of 31 hit points when you died.